 Dungeon Sprint DCSS version 0.18-a0-1014-g3bbf375 (webtiles) character file.

641 pipel the Thaumaturge (level 7, -1/36 HPs)
             Began as a Deep Elf Necromancer on Jan 6, 2016.
             Was a High Priest of Sif Muna.
             Slain by a troll (8 damage)
             ... in the Dungeon (Sprint VII: "The Pits").
             The game lasted 00:07:04 (360 turns).

pipel the Thaumaturge (Deep Elf Necromancer)         Turns: 360, Time: 00:07:05

Health: -1/36      AC:  2    Str:  5    XL:     7   Next: 26%
Magic:  15/24      EV: 13    Int: 22    God:    Sif Muna [*****.]
Gold:   0          SH:  0    Dex: 15    Spells: 6 memorised, 14 levels left

rFire  . . .     SeeInvis .     a - +1 spear (flame)
rCold  . . .     Gourm    .     j - +0 robe
rNeg   . . .     Faith    .     (no shield)
rPois  .         Spirit   .     (no helmet)
rElec  .         Dismiss  .     (no cloak)
rCorr  .         Reflect  .     (no gloves)
SustAt .         Harm     .     (no boots)
MR     .....     NoTele   +     (no amulet)
Stlth  ++........               (no ring)
                                (no ring)

@: not resistant to hostile enchantments, unstealthy
A: no striking features
a: Channel Energy, Forget Spell, Renounce Religion


You were in the Dungeon.
You worshipped Sif Muna.
Sif Muna was extremely pleased with you.
You were very hungry.

You visited 1 branch

Inventory:

Hand Weapons
 a - a +1 spear of flaming (weapon)
Missiles
 n - 8 stones (quivered)
Armour
 j - a +0 robe (worn)
Magical Staves
 b - an uncursed staff of energy
Scrolls
 i - a scroll of blinking
 p - 3 scrolls of remove curse
 q - 5 scrolls of amnesia
 r - a scroll of summoning
 s - 2 scrolls of vulnerability
Potions
 d - 5 potions of curing
 e - 6 potions of heal wounds
 f - a potion of haste
 g - 4 potions of magic
 h - 2 potions of berserk rage
 m - 2 potions of invisibility
Books
 o - a book of Necromancy

   Spells                             Type                      Level
   a - Pain                           Necromancy                   1
   b - Animate Skeleton               Necromancy                   1
   c - Vampiric Draining              Necromancy                   3
   d - Regeneration                   Charms/Necromancy            3
   e - Animate Dead                   Necromancy                   4
   f - Control Undead                 Necromancy                   4
Comestibles
 c - 8 bread rations
 k - 40 fruits
 l - 7 meat rations


   Skills:
 - Level 2.4 Dodging
 - Level 2.4 Stealth
 + Level 12.4 Spellcasting
 + Level 12.1 Necromancy
 + Level 8.9 Invocations


You had 14 spell levels left.
You knew the following spells:

 Your Spells              Type           Power        Failure   Level  Hunger
a - Animate Skeleton      Necr           N/A          1%          1    None
c - Control Undead        Necr           ######....   1%          4    None
d - Vampiric Draining     Necr           ######....   1%          3    None
p - Pain                  Necr           ####         1%          1    None
r - Regeneration          Chrm/Necr      #####.....   1%          3    None
A - Animate Dead          Necr           N/A          1%          4    None


Dungeon Overview and Level Annotations

Branches:
Dungeon (1/1)

Altars:
Ashenzari
Cheibriados
Dithmenos
Elyvilon
Fedhas
Kikubaaqudgha
Makhleb
Nemelex Xobeh
Okawaru
Pakellas
Ru
Sif Muna
Trog
Vehumet
Xom
Yredelemnul
Zin
The Shining One
Beogh
Jiyva
Lugonu


Message History

Aim: a troll (lightly wounded)
The troll is moderately wounded.
You feel life coursing into your body.
Your ball python zombie bites the troll.
The troll bites you. The troll claws you! The troll claws you!
* * * LOW HITPOINT WARNING * * *
You take 19 damage, and have 10/36 hp.
MASSIVE DAMAGE!!
You now have 17/24 mp.
Unknown command.
Casting: Vampiric Draining
Confirm with . or Enter, or press ? or * to list all spells.
Aiming: Vampiric Draining
Press: ? - help, Shift-Dir - straight line, f/p - troll
Aim: a troll (moderately wounded)
The troll is moderately wounded.
You feel life coursing into your body.
Your ball python zombie bites the troll but does no damage.
The troll bites you.
* * * LOW HITPOINT WARNING * * *
The troll claws you!
You die...

#.#..#Z)))[##.......#
#)###########.......#
#)%#.#.##.. #########
#.......#.# ####
##.#.#.##.#....#
#....(..#'#....#
##.#.#.##Z†....+
#.......#T#
##.#.#..@.#
##########


You could see a troll and a friendly ball python zombie.

Vanquished Creatures
  A black mamba (D)
  Menkaure (D)
  A crocodile (D)
  A giant frog (D)
  3 wights (D)
  An iguana (D)
  A worker ant (D)
  2 gnolls (D)
  An adder (D)
  A bat skeleton (D)
  A bat zombie (D)
  A goblin (D)
  A hobgoblin (D)
  A giant newt (D)
17 creatures vanquished.

Vanquished Creatures (collateral kills)
  A wight (D)
  A crimson imp (D)
  A giant eyeball (D)
  An ufetubus (D)
  An adder skeleton (D)
  A worm (D)
  A quokka (D)
  A ball python (D)
8 creatures vanquished.

Grand Total: 25 creatures vanquished

Notes
Turn   | Place    | Note
--------------------------------------------------------------
     0 | D        | pipel the Deep Elf Necromancer began the quest for the Orb.
     0 | D        | Reached XP level 1. HP: 10/10 MP: 6/6
    13 | D        | Reached skill level 6 in Necromancy
    13 | D        | Reached XP level 2. HP: 9/15 MP: 1/9
    35 | D        | Found a sacrificial altar of Ru.
    35 | D        | Found a shadowy altar of Dithmenos.
    35 | D        | Found a bloodstained altar of Trog.
    35 | D        | Found a deep blue altar of Sif Muna.
    35 | D        | Found a shimmering altar of Xom.
    35 | D        | Found a sparkling altar of Nemelex Xobeh.
    35 | D        | Found a corrupted altar of Lugonu.
    35 | D        | Found a viscous altar of Jiyva.
    36 | D        | Found a basalt altar of Yredelemnul.
    36 | D        | Found a glowing golden altar of the Shining One.
    36 | D        | Found a shattered altar of Ashenzari.
    36 | D        | Found a white marble altar of Elyvilon.
    36 | D        | Found a snail-covered altar of Cheibriados.
    36 | D        | Found a blossoming altar of Fedhas.
    36 | D        | Found a radiant altar of Vehumet.
    36 | D        | Found a burning altar of Makhleb.
    36 | D        | Found an ancient bone altar of Kikubaaqudgha.
    36 | D        | Found a glowing silver altar of Zin.
    36 | D        | Found a roughly hewn altar of Beogh.
    36 | D        | Found an iron altar of Okawaru.
    37 | D        | Found an oddly glowing altar of Pakellas.
    39 | D        | Became a worshipper of Sif Muna the Loreminder
    58 | D        | Learned a level 1 spell: Animate Skeleton
    62 | D        | Reached skill level 5 in Spellcasting
    91 | D        | Reached * piety under Sif Muna
    91 | D        | Reached skill level 7 in Necromancy
    91 | D        | Reached XP level 3. HP: 8/19 MP: 8/13
    99 | D        | Learned a level 3 spell: Regeneration
   103 | D        | Learned a level 3 spell: Vampiric Draining
   123 | D        | Reached skill level 1 in Invocations
   215 | D        | Reached ** piety under Sif Muna
   215 | D        | Reached skill level 8 in Spellcasting
   215 | D        | Reached XP level 4. HP: 24/24 MP: 6/16
   218 | D        | Reached skill level 9 in Necromancy
   238 | D        | Learned a level 4 spell: Animate Dead
   243 | D        | Learned a level 4 spell: Control Undead
   269 | D        | Reached *** piety under Sif Muna
   269 | D        | Reached XP level 5. HP: 11/28 MP: 10/18
   276 | D        | Reached skill level 10 in Spellcasting
   276 | D        | Reached skill level 10 in Necromancy
   276 | D        | Reached skill level 5 in Invocations
   306 | D        | Reached XP level 6. HP: 32/32 MP: 21/21
   326 | D        | Reached **** piety under Sif Muna
   326 | D        | Reached skill level 11 in Spellcasting
   335 | D        | Noticed Menkaure
   338 | D        | Noticed a black mamba
   342 | D        | Noticed a troll
   342 | D        | Your ally died
   345 | D        | Killed a black mamba
   345 | D        | Reached ***** piety under Sif Muna
   345 | D        | Reached skill level 12 in Spellcasting
   345 | D        | Reached XP level 7. HP: 29/36 MP: 10/24
   360 | D        | Slain by a troll

Vault maps used:
D:        pitsprint

Action                   |  1- 3 |  4- 6 |  7- 9 || total
-------------------------+-------+-------+-------++-------
Melee: Spear             |    17 |    12 |     1 ||    30
Throw: Stone             |     2 |       |       ||     2
 Cast: Pain              |    11 |     8 |     1 ||    20
       Animate Skeleton  |     3 |     1 |       ||     4
       Regeneration      |     5 |     4 |       ||     9
       Vampiric Draining |       |     5 |     3 ||     8
       Animate Dead      |       |     1 |     1 ||     2
       Control Undead    |       |     1 |       ||     1
Invok: Channel Energy    |     5 |    22 |     5 ||    32
Evoke: Staff of energy   |     4 |       |       ||     4
  Use: Potion            |     1 |       |     1 ||     2
 Stab: Sleeping          |     2 |     2 |       ||     4
       Distracted        |       |     1 |       ||     1
  Eat: Chunk             |       |     3 |       ||     3
